 Dungeon Crawl Stone Soup version 0.17-a0-1373-g64d4c99 (webtiles) character file.

9324 Chiseanne the Thaumaturge (level 11, -9/61 HPs)
             Began as a Halfling Ice Elementalist on June 13, 2015.
             Was a Priest of Vehumet.
             Mangled by a white ugly thing (20 damage)
             ... on level 11 of the Dungeon.
             The game lasted 01:06:56 (17649 turns).

Chiseanne the Thaumaturge (HaIE)                   Turns: 17649, Time: 01:06:56

Health: -9/61      AC: 18    Str:  8    XL:     11   Next: 72%
Magic:  20/25      EV: 14    Int: 17    God:    Vehumet [***...]
Gold:   402        SH:  0    Dex: 16    Spells: 9 memorised, 7 levels left

rFire  . . .     SeeInvis .     a - +0 flail (protect)
rCold  . . .     Clarity  .     f - troll hide
rNeg   + . .     SustAt   .     (shield restricted)
rPois  .         Gourm    .     N - +0 helmet
rElec  .         Spirit   .     (no cloak)
rCorr  .         Warding  +     H - +0 pair of gloves
rMut   .         Stasis   .     h - +1 pair of boots
MR     +....                    i - amulet of warding
Stlth  +++.......               u - ring of stealth
                                g - ring of protection from magic

@: icy armour, somewhat resistant to hostile enchantments, fairly stealthy
A: mutation resistance 1
a: Renounce Religion


You were on level 11 of the Dungeon.
You worshipped Vehumet.
Vehumet was most pleased with you.
You were not hungry.

You visited 2 branches of the dungeon, and saw 12 of its levels.

You collected 499 gold pieces.
You spent 97 gold pieces at shops.

Inventory:

Hand weapons
 a - a +0 flail of protection (weapon)
 d - a +2 spear of piercing
 s - a +4 short sword of electrocution
 w - a +0 blowgun
 F - a +2 war axe of flaming
 G - a +0 dagger of venom
Missiles
 e - 152 arrows
 m - 37 sling bullets
 t - 12 poisoned needles
 v - 5 tomahawks
 z - 2 arrows of frost
 K - a throwing net (quivered)
 Q - 32 bolts
Armour
 f - a troll hide (worn)
 h - a +1 pair of boots (worn)
 C - the +6 scale mail "Naebuc" {rF- Slay+5}
   (You took it off an orc on level 6 of the Dungeon)

   It affects your accuracy and damage with ranged weapons and melee attacks
   (+5).
   It makes you vulnerable to fire.
 H - a +0 pair of gloves (worn)
 N - a +0 helmet (worn)
Jewellery
 g - a ring of protection from magic (left hand)
 i - an amulet of warding (around neck)
 u - a ring of stealth (right hand)
Magical devices
 M - a wand of invisibility (3)
Scrolls
 y - 2 scrolls of magic mapping
 B - a scroll of recharging
 L - a scroll of amnesia
 P - a scroll of remove curse
 S - a scroll of fog
Potions
 k - a potion of resistance
 l - 3 potions of curing
 q - a potion of magic
 r - a potion of flight {unknown}
 D - 2 potions of agility {unknown}
 E - a potion of cure mutation {unknown}
 J - a potion of brilliance
 O - a potion of mutation {unknown}
Books
 b - a book of Frost

   Spells                             Type                      Level
   a - Freeze                         Ice                          1
   b - Throw Frost                    Conjuration/Ice              2
   c - Ozocubu's Armour               Charms/Ice                   3
   d - Throw Icicle                   Conjuration/Ice              4
   e - Summon Ice Beast               Ice/Summoning                4
   f - Condensation Shield            Ice                          4
 n - a book of Maledictions

   Spells                             Type                      Level
   a - Corona                         Hexes                        1
   b - Ensorcelled Hibernation        Hexes/Ice                    2
   c - Confuse                        Hexes                        3
   d - Tukima's Dance                 Hexes                        3
   e - Dazzling Spray                 Conjuration/Hexes            3
 x - a book of Annihilations {highlevel, unknown}

   This book is beyond your current level of understanding.

   Spells                             Type                      Level
   a - Poison Arrow                   Conjuration/Poison           6
   b - Chain Lightning                Conjuration/Air              8
   c - Lehudib's Crystal Spear        Conjuration/Earth            8
   d - Glaciate                       Conjuration/Ice              9
   e - Fire Storm                     Conjuration/Fire             9
 I - a book of Frost

   Spells                             Type                      Level
   a - Freeze                         Ice                          1
   b - Throw Frost                    Conjuration/Ice              2
   c - Ozocubu's Armour               Charms/Ice                   3
   d - Throw Icicle                   Conjuration/Ice              4
   e - Summon Ice Beast               Ice/Summoning                4
   f - Condensation Shield            Ice                          4
 R - a book of Enchantments

   Spells                             Type                      Level
   a - Cause Fear                     Hexes                        4
   b - Silence                        Hexes/Air                    5
   c - Deflect Missiles               Charms/Air                   6
   d - Haste                          Charms                       6
   e - Discord                        Hexes                        8
Comestibles
 c - 8 bread rations
 j - 6 meat rations
 o - a chunk of flesh
 p - 2 slices of pizza
 A - 6 beef jerkies


   Skills:
 - Level 2.1 Dodging
 - Level 2.1 Stealth
 * Level 10.9 Spellcasting
 * Level 3.1 Conjurations
 - Level 10.3 Ice Magic


You had 7 spell levels left.
You knew the following spells:

 Your Spells              Type           Power        Failure   Level  Hunger
a - Freeze                Ice            ####         1%          1    None
b - Flame Tongue          Conj/Fire      ##...        2%          1    None
c - Ozocubu's Armour      Chrm/Ice       ####....     6%          3    None
d - Condensation Shield   Ice            #####.....   1%          4    ###....
e - Ensorcelled Hibernat  Hex/Ice        ####..       2%          2    None
g - Throw Icicle          Conj/Ice       ####....     2%          4    ###....
h - Dazzling Spray        Conj/Hex       ##......     5%          3    None
i - Throw Flame           Conj/Fire      ##....       3%          2    None
j - Iskenderun's Mystic   Conj           ###.....     10%         4    ###....


Dungeon Overview and Level Annotations

Branches:
Dungeon (11/15)            Temple (1/1) D:6             Orc (0/4) D:10
   Lair: D:8-11

Altars:
Ashenzari
Fedhas
Gozag
Kikubaaqudgha
Nemelex Xobeh
Qazlal
Sif Muna
Vehumet
Yredelemnul
Zin

Shops:
D:7 }   D:9 }   D:10 %[

Annotations:
D:8 exclusion: door
D:9 exclusion: downstairs


Innate Abilities, Weirdness & Mutations

You are small and have problems with some larger weapons.
You are somewhat resistant to further mutation.


Message History

The white ugly thing freezes you!!
Ouch! That really hurt!
* * * LOW HITPOINT WARNING * * *
A quokka comes into view.
Read which item? (? for menu, Esc to quit)
Okay, then.
There is a stone staircase leading up here.
Read which item? (? for menu, Esc to quit)
Okay, then.
Casting: Ozocubu's Armour
Confirm with . or Enter, or press ? or * to list all spells.
Aiming: Dazzling Spray
Press: ? - help, Shift-Dir - straight line, f - white ugly thing
Aim: a white ugly thing The spray of energy hits the white ugly thing.
The spray of energy hits the giant frog skeleton.
The white ugly thing pecks you.
* * * LOW HITPOINT WARNING * * *
The white ugly thing freezes you!!
You die...

+.........+
#.........#
#.........#
##.........#
...........#
...........#
..r........##+###.
..####'#Z.........
..Z#.u@.......
#....#.........#
#....#.........+
#....+.........#
#....#.........#
#....#.........#
######+####


You could see a white ugly thing and a giant frog skeleton.

Vanquished Creatures
  Pikel (D:7)
  An oklob plant (D:10)
  A cyclops (D:10)
  A troll (D:10)
  2 two-headed ogres
  9 yaks (D:10)
  A deep elf mage (D:9)
  A spriggan (D:7)
  A deep elf fighter (D:7)
  A hippogriff (D:10)
  2 sky beasts
  5 orc warriors
  A water moccasin (D:10)
  A necrophage (D:9)
  3 ice beasts
  A slave (D:7)
  2 phantoms
  A swamp drake (D:10)
  6 ogres
  2 black bears
  2 centaurs
  A crocodile (D:10)
  9 giant frogs
  5 scorpions
  8 killer bees
  3 wights (D:9)
  5 crimson imps
  2 giant frog zombies
  A gnoll shaman (D:7)
  5 hounds
  8 jellies
  13 orc wizards
  7 iguanas
  8 orc priests
  4 worker ants
  A hound zombie (D:6)
  13 gnolls
  18 adders
  2 shadow imps
  An ooze (D:1)
  An adder zombie (D:5)
  2 adder skeletons (D:5)
  2 worms
  7 giant geckos
  51 orcs
  30 bats
  A bat zombie (D:7)
  7 giant cockroaches
  15 goblins
  17 hobgoblins
  9 jackals
  16 kobolds
  2 quokkas
  A giant gecko zombie (D:5)
  6 giant newts
  A jackal skeleton (D:4)
  A quokka zombie (D:7)
  10 rats
338 creatures vanquished.

Vanquished Creatures (others)
  An orc wizard (D:5)
1 creature vanquished.

Grand Total: 339 creatures vanquished

Notes
Turn   | Place    | Note
--------------------------------------------------------------
     0 | D:1      | Chiseanne the Halfling Ice Elementalist began the quest for the Orb.
     0 | D:1      | Reached XP level 1. HP: 11/11 MP: 3/3
   315 | D:1      | Reached XP level 2. HP: 17/17 MP: 1/4
   350 | D:1      | Learned a level 2 spell: Throw Frost
   830 | D:1      | Reached XP level 3. HP: 21/21 MP: 2/5
  1091 | D:1      | Learned a level 3 spell: Ozocubu's Armour
  1490 | D:2      | Reached skill level 4 in Ice Magic
  1676 | D:2      | Reached XP level 4. HP: 27/27 MP: 5/7
  3051 | D:3      | Reached XP level 5. HP: 31/31 MP: 4/8
  3486 | D:4      | Reached skill level 5 in Ice Magic
  3518 | D:4      | Reached XP level 6. HP: 25/36 MP: 4/10
  4059 | D:4      | Learned a level 4 spell: Condensation Shield
  4082 | D:4      | Noticed a phantom
  4783 | D:3      | Reached XP level 7. HP: 41/41 MP: 8/12
  5182 | D:4      | Reached skill level 6 in Ice Magic
  5690 | D:4      | Killed a phantom
  5690 | D:4      | Reached XP level 8. HP: 31/46 MP: 5/15
  6113 | D:4      | Noticed an ogre
  6124 | D:4      | Killed an ogre
  6124 | D:4      | Reached skill level 5 in Spellcasting
  6503 | D:5      | Entered Level 5 of the Dungeon
  6646 | D:5      | Reached skill level 7 in Ice Magic
  6907 | D:5      | Learned a level 2 spell: Ensorcelled Hibernation
  7505 | D:6      | Found a staircase to the Ecumenical Temple.
  7520 | Temple   | Entered the Ecumenical Temple
  7596 | Temple   | Became a worshipper of Vehumet
  7759 | D:6      | Got a slimy scale mail
  8138 | D:6      | Reached skill level 8 in Ice Magic
  8138 | D:6      | Reached XP level 9. HP: 49/51 MP: 7/17
  8984 | D:6      | Acquired Vehumet's first power
  8984 | D:6      | Offered knowledge of Flame Tongue by Vehumet.
  9036 | D:6      | Learned a level 1 spell: Flame Tongue
  9041 | D:6      | Learned a level 4 spell: Throw Icicle
  9045 | D:6      | Learned a level 3 spell: Dazzling Spray
  9211 | D:7      | Found Vomab's Gadget Emporium.
  9721 | D:6      | Reached skill level 9 in Ice Magic
 10386 | D:7      | Reached XP level 10. HP: 56/56 MP: 21/21
 10542 | D:7      | Noticed Pikel
 10641 | D:7      | Killed Pikel
 10832 | D:7      | Reached skill level 10 in Ice Magic
 10910 | D:7      | Offered knowledge of Throw Flame by Vehumet.
 11518 | D:8      | Learned a level 2 spell: Throw Flame
 12122 | D:8      | Found a basalt altar of Yredelemnul.
 12278 | D:8      | Found a deep blue altar of Sif Muna.
 12283 | D:8      | Found an ancient bone altar of Kikubaaqudgha.
 12289 | D:8      | Found a glowing silver altar of Zin.
 12498 | D:9      | Reached skill level 1 in Conjurations
 12547 | D:9      | Found Begeungi's Gadget Boutique.
 12742 | D:9      | Found a stormy altar of Qazlal.
 13128 | D:9      | Offered knowledge of Ignite Poison by Vehumet.
 13507 | D:9      | Found a blossoming altar of Fedhas.
 13983 | D:10     | Entered Level 10 of the Dungeon
 14048 | D:10     | Found an ancient bone altar of Kikubaaqudgha.
 14048 | D:10     | Noticed an oklob plant
 14061 | D:10     | Found Hibliena's Armour Boutique.
 14080 | D:10     | Identified the +6 scale mail "Naebuc" {rF- Slay+5} (You took it off an orc on level 6 of the Dungeon)
 14125 | D:10     | Reached XP level 11. HP: 35/61 MP: 19/24
 14610 | D:10     | Noticed a cyclops
 14634 | D:10     | Killed a cyclops
 15218 | D:10     | Reached skill level 10 in Spellcasting
 15224 | D:10     | Acquired Vehumet's second power
 15947 | D:10     | Found a staircase to the Orcish Mines.
 16626 | D:10     | HP: 3/61 [yak (10)]
 16652 | D:10     | Offered knowledge of Iskenderun's Mystic Blast by Vehumet.
 16818 | D:10     | Learned a level 4 spell: Iskenderun's Mystic Blast
 17027 | D:10     | Found Qaunu's Food Shop.
 17038 | D:10     | Bought a slice of pizza for 16 gold pieces
 17038 | D:10     | Bought 3 fruits for 49 gold pieces
 17038 | D:10     | Bought a slice of pizza for 16 gold pieces
 17038 | D:10     | Bought a beef jerky for 16 gold pieces
 17521 | D:10     | Killed an oklob plant
 17644 | D:11     | Noticed a white ugly thing
 17649 | D:11     | Mangled by a white ugly thing

Vault maps used:
D:1:      dpeg_arrival_yet_another_circle
D:2:      grunt_ministairs_4
D:3:      first_bread, minmay_misc_feat_alley
D:4:      roderic_batcave
D:5:      glass_columns_b, minmay_misc_feat_chi
D:6:      temple_fountains
D:7:      serial_shops, shop_fountains, the_bakery, guppyfry_early_elven_hall,
          uniq_pikel
D:8:      yredelemnul_forgotten_temple_becter, minitemple, eino_jars,
          kennysheep_generic_room_2
D:9:      fedhas_altar_4, serial_shops, kennysheep_mini_moat, basic_altar
D:10:     erik_orc_1, serial_shops, shop_fountains, nicolae_shop_crystal,
          lemuel_oklob_altar
D:11:     minmay_lair_entry_lava, basic_altar, patterned_corridor, uniq_snorg,
          uniq_grum
Temple:   minmay_temple_curvy_14

Action                   |  1- 3 |  4- 6 |  7- 9 | 10-12 || total
-------------------------+-------+-------+-------+-------++-------
Melee: Whip              |    13 |    10 |       |       ||    23
       Short sword       |       |    19 |   164 |   185 ||   368
       Flail             |       |       |       |    17 ||    17
       Dagger            |       |       |       |    13 ||    13
 Fire: Blowgun           |       |       |    41 |   132 ||   173
Throw: Tomahawk          |       |       |    22 |    12 ||    34
 Cast: Freeze            |    49 |    96 |   143 |   144 ||   432
       Throw Frost       |     2 |    13 |    24 |    24 ||    63
       Ozocubu's Armour  |       |     2 |    38 |    40 ||    80
       Ensorcelled Hiber |       |       |     9 |       ||     9
       Flame Tongue      |       |       |     5 |     8 ||    13
       Condensation Shie |       |       |       |    29 ||    29
       Throw Icicle      |       |       |       |    13 ||    13
       Throw Flame       |       |       |       |     7 ||     7
       Iskenderun's Myst |       |       |       |    11 ||    11
       Dazzling Spray    |       |       |       |     2 ||     2
Evoke: Wand              |       |       |       |     8 ||     8
  Use: Scroll            |     4 |     3 |    11 |    11 ||    29
       Potion            |       |       |       |    10 ||    10
 Stab: Sleeping          |     4 |     6 |    14 |    22 ||    46
       Distracted        |       |       |     1 |     4 ||     5
       Fleeing           |       |       |       |     1 ||     1
       Invisible         |       |       |       |     3 ||     3
  Eat: Chunk             |     3 |     9 |    14 |    23 ||    49
       Fruit             |       |     3 |       |     5 ||     8
       Bread ration      |       |       |     1 |       ||     1
       Pizza             |       |       |     1 |     1 ||     2
